cohdb
Replays
Latest Replays
All Replays
Popular Replays
Top Player Replays
Match Explorer
How It Works
Community
CoH3 Stats
Reddit
Sign in to upload your games and track your stats! →
Sign in with Steam
Match 40927601
Unlisted
Match 40927601
Overview
Messages
Build Orders
End
Construct Barracks
Selects Heavy Weapons
Riflemen Squad
Riflemen Squad
1⁄4-ton 4x4 Truck
Riflemen Squad
Infantry Support Center
Construct Motor Pool
M1 Anti-tank Gun Team
Construct Medical Station
Selects M2HB .50cal Heavy Machine Gun
Selects Gallant Stand
Grenade Package
Gallant Stand
M8 Greyhound Armored Car
Selects Assault Carriers
Selects Exchangeable Parts
M1918 Browning Automatic Rifles
M1 Mortar Team
Riflemen Squad
Advanced Logistics
Engineer Squad
Selects Towed M5 3-inch Anti-tank Gun
Towed M5 3-inch Anti-tank Gun
Survival Training
Gallant Stand
Engineer Squad
Selects Bolstered Team Weapons
Towed M5 3-inch Anti-tank Gun
Gallant Stand
Gallant Stand
Towed M5 3-inch Anti-tank Gun
Gallant Stand
Window Shopping
Pie-Eater
0
0
Comments
sign in to comment!
No comments posted yet!